Mike, chaotic male elven Wizard ------ |{)..| ---------------- ----- |.....##########...............| |...| |....| ###|..............| |...| |....| |..............| |...| |....- #-|.------------- ---.- ---.-- #######` ## ### # # # ### ### # # # # ############## #### # ---.------ # -.------------- # |........| ### #..............| # |....<....#########|.............| # |........| # |.............| ---------|---- |........| |.............| |.)..).......| |........| --------------- |............| ---------- -------------- Mike the Thaumaturge Experience level: 6 Strength: 8 Dexterity: 15 Constitution: 15 Intelligence: 17 Wisdom: 17 Charisma: 9 Health: 33(33) Energy: 71(71) Def: 5 Gold: 56 Moves: 5966 Dungeon seed: FdtKS-ySPUt2PiB4 Game ID: Mike_1481411774 Your Inventory: Coins $ - 56 gold pieces Weapons a - a blessed +1 quarterstaff (weapon in hands) Armor e - an uncursed +0 cloak of magic resistance (being worn) q - an uncursed +1 studded leather armor (being worn) Scrolls R - an uncursed scroll of enchant weapon Potions f - an uncursed potion of healing h - 2 uncursed potions of sleeping P - a blessed potion of enlightenment Rings c - an uncursed +1 ring of gain strength Wands b - a wand of cold (0:6) v - a wand of probing (0:4) Tools n - an uncursed wooden flute M - an uncursed tin whistle S - a crystal ball (0:3) T - an uncursed towel Spells and supernatural/magical abilities: Name Level Category Fail Memory a - force bolt 1 attack 0% 71% h - healing 1 healing 0% 71% W - pray for help -- divine ? -- Your skills at the end: Fighting Skills Weapon Skills quarterstaff [Basic] Spellcasting Skills attack spells [Skilled] enchantment spells [Basic] Final Attributes: You were piously aligned. You were sleep resistant. You were magic-protected. You were telepathic. You had infravision. You are dead. Vanquished creatures: a small mimic 3 leprechauns a dingo 2 housecats 3 rock piercers a rock mole a pony a gnome lord a gnomish wizard a gray ooze a straw golem a paper golem a giant ant a little dog 5 floating eyes 2 kittens a dwarf a kobold shaman 5 hill orcs a giant bat a dwarf zombie 4 iguanas 4 acid blobs 2 coyotes a gas spore 3 hobbits 4 manes 3 large kobolds a hobgoblin 2 giant rats a cave spider a yellow mold 2 green molds 3 geckos a jackal a fox 3 kobolds 4 grid bugs 4 lichens 13 newts 92 creatures vanquished. Voluntary challenges: You used a wielded weapon 61 times, starting on turn 67. You read items or engraved 5 times, starting on turn 584. You never genocided any monsters. You never polymorphed an object. You never changed form. You used no wishes. You never split a pudding. You wrote Elbereth's name 2 times, starting on turn 3319. You never violated your personal moral code. Dungeon overview: The Dungeons of Doom: levels 1 to 8 Level 1 a fountain a long staircase Level 2 an altar to Ptah Level 3 a fountain Level 4 some fountains stairs to The Gnomish Mines Level 5 Level 6 a jewelry store, an altar to Thoth, a sink Level 7 Level 8 <- You were here a fountain The Gnomish Mines: Level 5 stairs to The Dungeons of Doom History has recorded: On T:1 you entered the Dungeons of Doom to retrieve the Amulet of Yendor! On T:420 you reached level 2 of The Dungeons of Doom. On T:1006 you advanced to experience level 2. On T:1014 you reached level 3 of The Dungeons of Doom. On T:1148 you advanced to experience level 3. On T:1743 you advanced to experience level 4. On T:1802 you reached level 4 of The Dungeons of Doom. On T:2066 you advanced to experience level 5. On T:2829 you reached level 1 of The Gnomish Mines. On T:3518 you reached level 5 of The Dungeons of Doom. On T:3586 you advanced to experience level 6. On T:4077 you reached level 6 of The Dungeons of Doom. On T:4505 you reached level 7 of The Dungeons of Doom. On T:5246 you reached level 8 of The Dungeons of Doom. Score breakdown: Gold: 56 ( 5972 points) Experience: 6 levels (12456 points) Exploration: 8 levels ( 16.00%) (11338 points) Discoveries: 1 item ( 0.36%) ( 1805 points) Valuables value: (no points given unless you survive) Artifact value: 0 ( 0 points) Variety of kills: 40 monsters ( 10.50%) ( 9720 points) Turncount: 5966 turns (-1615 points) Survival: died (score multiplied by 80%) Total score: 31740 Latest messages: You faint from lack of food. You come to. You stop. Pooky is in the way! You faint from lack of food. You come to. You faint from lack of food. You come to. You faint from lack of food. You come to. You see here an uncursed dagger. The newt misses Pooky. H - an uncursed dagger (in quiver). You faint from lack of food. You come to. Never mind. The dagger hits the floating eye. You faint from lack of food. You come to. You faint from lack of food. You die from starvation. Final status: Goodbye Mike the Wizard, died of starvation, while fainted from lack of food... You starved in The Dungeons of Doom on dungeon level 8 with 31740 points, and 56 pieces of gold, after 5966 moves. You were level 6 with a maximum of 33 hit points when you starved.